 Dungeon Crawl Stone Soup version 0.25-a0-294-gea9b1ad378 (webtiles) character file.

Game seed: 16759550883798207141, levelgen mode: classic

140316 Borgoz the Fighter (level 17, 0/123 HPs)
             Began as a Gargoyle Gladiator on Dec 19, 2019.
             Was a High Priest of Okawaru.
             Shot with a sling bullet by a satyr (16 damage)
             ... on level 2 of the Shoals.
             The game lasted 01:20:57 (33700 turns).

Borgoz the Fighter (Gargoyle Gladiator)            Turns: 33700, Time: 01:20:57

Health: 0/123      AC: 33    Str: 25    XL:     17   Next: 30%
Magic:  24/24      EV: 19    Int:  9    God:    Okawaru [*****.]
Gold:   763        SH:  0    Dex: 23    Spells: 16/16 levels left

rFire    + . .     SeeInvis +   a - +1 great sword (slice)
rCold    + . .     Gourm    .   (shield currently unavailable)
rNeg     + . .     Faith    .   q - +0 chain mail "Naoqut" {-Cast Str+7 Int-5 Dex+3}
rPois    ∞         Spirit   .   o - +2 hat {SInv}
rElec    +         Reflect  .   z - scarf {rC+ rF+}
rCorr    .         Harm     .   c - +1 pair of gloves
MR       ++...     NoCast   +   I - +2 pair of boots
Stlth    ..........             g - amulet of rage
HPRegen  0.30/turn              D - ring of Fam Ylina {Int+3 Dex+4}
MPRegen  0.19/turn              h - ring of protection from magic

@: flying
A: big wings, fangs 1, horns 1, talons 1, negative energy resistance 1, robust
1, electricity resistance, unbreathing, evolution 1, petrification resistance,
rot immunity, AC +12
a: Stop Flying, Heroism, Finesse, Renounce Religion, Evoke Berserk Rage


You were on level 2 of the Shoals.
You worshipped Okawaru.
Okawaru was extremely pleased with you.
You were not hungry.

You visited 5 branches of the dungeon, and saw 26 of its levels.
You also visited: Bailey and Ice Cave.

You collected 2800 gold pieces.
You spent 2037 gold pieces at shops.

Inventory:

Hand Weapons
 a - a +1 great sword of slicing (weapon)
 b - a +3 scimitar of flaming
 p - the +12 dagger of the Crushed Souls {pierce, MR+ Str+7 SInv}
   (You found it on level 1 of the Shoals)

   It inflicts extra damage upon your enemies.
   It affects your strength (+7).
   It affects your resistance to hostile enchantments.
   It lets you see invisible.
Armour
 c - a +1 pair of gloves (worn)
 m - the +4 leather armour "Cefos" {rCorr Int+3}
   (You found it on level 6 of the Dungeon)

   It affects your intelligence (+3).
   It provides partial protection from all sources of acid and corrosion.
 o - a +2 hat of see invisible (worn)
 q - the +0 chain mail "Naoqut" (worn) {-Cast Str+7 Int-5 Dex+3}
   (Okawaru gifted it to you in an ice cave)

   It affects your strength (+7).
   It affects your intelligence (-5).
   It affects your dexterity (+3).
   It prevents spellcasting.
 x - a +3 chain mail of fire resistance
 z - a scarf of resistance (worn)
 I - a +2 pair of boots (worn)
Jewellery
 g - an amulet of rage (around neck)
 h - a ring of protection from magic (right hand)
 v - an uncursed ring of protection from fire
 w - an uncursed ring of protection from magic
 D - the ring of Fam Ylina (left hand) {Int+3 Dex+4}
   (You found it on level 11 of the Dungeon)

   [ring of intelligence]

   It affects your intelligence (+3).
   It affects your dexterity (+4).
 E - an uncursed ring of protection from cold
Wands
 s - a wand of clouds (5)
 J - a wand of digging (4)
 T - a wand of paralysis (4)
Scrolls
 j - a scroll of amnesia
 k - a scroll of teleportation
 l - 3 scrolls of fear
 y - 3 scrolls of magic mapping
 C - a scroll of identify
 G - 2 scrolls of blinking
 L - a scroll of fog
 R - 4 scrolls of remove curse
Potions
 e - 2 potions of mutation
 n - 3 potions of brilliance
 r - 11 potions of curing
 t - 2 potions of resistance
 u - 5 potions of cancellation
 B - 3 potions of agility
 F - 3 potions of haste
 H - a potion of ambrosia
 O - 4 potions of might
 P - a potion of invisibility
 U - 2 potions of heal wounds
Comestibles
 f - 41 rations
 i - 13 chunks of flesh


   Skills:
 * Level 14.4 Fighting
 * Level 14.1 Long Blades
 - Level 1.7 Throwing
 * Level 13.6 Armour
 * Level 13.1 Dodging
   Level 5.4 Shields
 + Level 10.5 Invocations
 + Level 5.1 Evocations


You had 16 spell levels left.
You didn't know any spells.
Your spell library contained the following spells:

 Spells                   Type           Power        Failure   Level  Hunger
 Animate Skeleton         Necr           N/A          86%         1    ##.....
 Beastly Appendage        Tmut           #.....       86%         1    ##.....
 Freeze                   Ice            #...         86%         1    ##.....
 Magic Dart               Conj           #...         86%         1    ##.....
 Pain                     Necr           #...         86%         1    ##.....
 Blink                    Tloc           N/A          95%         2    ###....
 Call Imp                 Summ           #.......     95%         2    ###....
 Corpse Rot               Necr/Air       N/A          95%         2    ###....
 Slow                     Hex            #.......     95%         2    ###....
 Sticks to Snakes         Tmut           #.......     95%         2    ###....
 Conjure Flame            Conj/Fire      #.......     99%         3    ####...
 Mephitic Cloud           Conj/Pois/Air  #.......     99%         3    ####...
 Regeneration             Chrm/Necr      #.........   99%         3    ####...
 Spider Form              Tmut/Pois      #.........   99%         3    ####...
 Static Discharge         Conj/Air       #.......     99%         3    ####...
 Vampiric Draining        Necr           #.........   99%         3    ####...
 Animate Dead             Necr           N/A          100%        4    #####..
 Ice Form                 Ice/Tmut       #.......     100%        4    #####..
 Blade Hands              Tmut           #.........   100%        5    ######.
 Bolt of Magma            Conj/Fire/Erth #.........   100%        5    ######.
 Iskenderun's Battlesphe  Conj/Chrm      #.......     100%        5    ######.
 Lightning Bolt           Conj/Air       #.........   100%        5    ######.
 Death Channel            Necr           #.........   100%        6    #######
 Iron Shot                Conj/Erth      #.........   100%        6    #######
 Malign Gateway           Summ/Tloc      #.........   100%        7    #######
 Monstrous Menagerie      Summ           #.........   100%        7    #######
 Orb of Destruction       Conj           #.........   100%        7    #######
 Spellforged Servitor     Conj/Summ      #.........   100%        7    #######
 Summon Greater Demon     Summ           #.........   100%        7    #######
 Ignition                 Fire           #.........   100%        8    #######
 Summon Horrible Things   Summ           #.........   100%        8    #######
 Shatter                  Erth           #.........   100%        9    #######
 Tornado                  Air            #.........   100%        9    #######


Dungeon Overview and Level Annotations

Branches:
Dungeon (15/15)            Temple (1/1) D:5            Lair (6/6) D:11
 Shoals (2/4) Lair:2       Spider (0/4) Lair:4        Slime (0/5) Lair:5
    Orc (2/2) D:12            Elf (0/3) Orc:2        Vaults (0/5) D:13
 Depths (0/5) D:15         Bailey (visited)           IceCv (visited)

Altars:
Ashenzari
Dithmenos
Fedhas
Kikubaaqudgha
Makhleb
Nemelex Xobeh
Okawaru
Qazlal
Sif Muna
Trog
Wu Jian
Beogh

Shops:
D:8 [   D:9 }   Orc:2 *=([   Shoals:2 ?


Innate Abilities, Weirdness & Mutations

You are resistant to torment.
Your stone body is resilient. (AC +12)
You are immune to poison.
Your large and strong wings let you fly indefinitely.
You resist negative energy. (rN+)
You are resistant to electric shocks. (rElec)
You can survive without breathing.
You are immune to petrification.
You are immune to rotting.
You have very sharp teeth.
You have a pair of small horns on your head.
You have sharp toenails.
You are robust. (+10% HP)
You evolve.


Message History

You hear a splash.
You see here a sling bullet.
The satyr shoots a sling bullet.
The sling bullet misses you.
You hear a splash.
The satyr shoots a sling bullet.
The sling bullet hits you!
* * * LOW HITPOINT WARNING * * *
You hear a splash.
You see here a sling bullet.
You closely miss the satyr.
The satyr shoots a sling bullet.
The sling bullet hits you!
* * * LOW HITPOINT WARNING * * *
You slice the satyr!! You headbutt the satyr.
The satyr is heavily wounded.
You slash the satyr!
The satyr is severely wounded.
The satyr shoots a sling bullet.
The sling bullet misses you.
You slice the satyr!! Your headbutt misses the satyr.
The satyr is almost dead.
The satyr shoots a sling bullet.
The sling bullet hits you!
You die...

[..#.....≈≈≈≈≈.)).......
≈..##......≈))..)..##...
≈..###(...(.((≈..≈## ..#
.>..≈....(((())...###...
...≈≈≈..)((..)≈.........
≈≈..≈≈.≈≈(...≈≈≈≈.....≈.
..........<..≈≈(≈≈..≈≈≈.
^.####..(...≈≈≈≈≈≈......
.. #.......≈..@≈...... .
#.≈≈≈..."...c......
..≈≈...........(...
≈≈...!.......≈..#...
≈≈≈.....###.....## #.
... #.....# ......≈
....≈....


You could see a satyr.

Vanquished Creatures
  Rupert (D:13)
  Jorgrun (Orc:2)
  A frost giant (IceCv)
  A stone giant (Orc:2)
  3 ettins (Orc:2)
  A merfolk impaler (Shoals:1)
  Josephine (D:11)
  A merfolk javelineer (Shoals:1)
  Erolcha (Orc:2)
  An ogre mage (D:15)
  Fannar (D:11)
  2 rakshasas (D:15)
  2 merfolk avatars
  Erica (Orc:1)
  3 catoblepae (Lair:6)
  4 centaur warriors
  6 hydras
  2 alligator snapping turtles
  4 vault guards (D:13)
  5 two-headed ogres
  9 death yaks (Lair:6)
  A two-headed ogre (shapeshifter) (D:13)
  A tengu warrior (D:15)
  The ghost of zkyp the Nimble, a novice DsCK of Xom (D:9)
  Sonja (Orc:2)
  9 skeletal warriors
  2 sea snakes (Shoals:1)
  An unseen horror (D:13)
  A lindwurm (shapeshifter) (D:15)
  4 orc knights
  A deep elf archer (Bailey)
  Pikel (D:9)
  11 oklob plants
  3 orc sorcerers (Orc:1)
  7 fauns (Shoals:2)
  12 cyclopes
  9 deep elf magi
  A shining eye (shapeshifter) (D:15)
  18 ugly things
  6 manticores
  2 merfolk sirens
  2 ice statues (IceCv)
  3 black mambas (Lair:6)
  A water nymph (Shoals:1)
  2 gargoyles
  10 spiny frogs
  2 kobold demonologists
  9 rime drakes
  An efreet (D:11)
  8 komodo dragons
  2 freezing wraiths
  A queen bee (Lair:2)
  2 jumping spiders (Lair:4)
  8 merfolk
  3 wind drakes (Shoals:1)
  6 trolls
  17 polar bears
  Prince Ribbit (D:7)
  3 hornets (Lair:3)
  7 blink frogs
  12 slime creatures (D:15)
  17 hippogriffs
  3 snapping turtles (Shoals:1)
  6 wraiths (D:11)
  4 redbacks (Lair:4)
  12 spriggans (Lair:3)
  A tarantella (shapeshifter) (D:15)
  67 yaks
  Eustachio (D:5)
  6 wyverns
  A shadow (D:14)
  11 basilisks
  Grum (Lair:1)
  2 hungry ghosts
  Menkaure (D:6)
  5 wargs
  Duvessa (D:7)
  20 water moccasins
  12 porcupines
  A floating eye (Lair:6)
  9 ice beasts
  8 sky beasts
  4 slaves
  A black bear (D:9)
  An eye of draining (D:12)
  A necrophage (D:8)
  22 orc warriors
  5 ogres
  3 phantoms
  11 centaurs
  6 boggarts
  16 crocodiles
  23 wolves
  3 big kobolds
  21 bullfrogs
  4 gnoll sergeants
  Dowan (D:7)
  5 scorpions
  2 wyvern skeletons
  32 killer bees
  20 wights
  2 electric eels
  8 howler monkeys
  5 crimson imps
  2 centaur zombies
  2 bullfrog zombies
  3 quasits
  7 hounds
  21 orc wizards
  2 bullfrog skeletons
  8 jellies
  16 orc priests
  3 centaur skeletons
  8 iguanas
  Ijyb (D:4)
  9 worker ants
  2 hound zombies
  A hound skeleton (D:7)
  2 howler monkey zombies
  2 worker ant zombies
  20 gnolls
  A howler monkey skeleton (D:4)
  10 adders
  2 shadow imps
  7 oozes
  An adder zombie (D:5)
  An adder skeleton (D:5)
  5 worms
  3 dart slugs
  7 leopard geckos
  74 orcs
  4 giant cockroaches
  11 hobgoblins
  12 jackals
  8 kobolds
  8 quokkas
  5 bats (D:1)
  3 frilled lizards
  7 goblins
  8 rats
  A fungus (Orc:2)
  A plant (Lair:5)
916 creatures vanquished.

Vanquished Creatures (others)
  A wizard (D:13)
  A deep elf mage (Bailey)
  A sky beast (D:8)
  A bullfrog (Lair:5)
  An orc priest (Orc:1)
  An orc wizard (Orc:1)
  A gnoll (D:12)
  2 orcs
  A bush (Lair:2)
  22 fungi
  6 plants
38 creatures vanquished.

Grand Total: 954 creatures vanquished

Notes
Turn   | Place    | Note
-------+----------+-------------------------------------------
     0 | D:1      | Borgoz the Gargoyle Gladiator began the quest for the Orb.
     0 | D:1      | Reached XP level 1. HP: 12/12 MP: 1/1
    63 | D:1      | Reached XP level 2. HP: 17/17 MP: 2/2
   126 | D:1      | Reached skill level 1 in Armour
   630 | D:1      | Reached XP level 3. HP: 21/21 MP: 3/3
   704 | D:1      | Found an iron altar of Okawaru.
   713 | D:1      | Became a worshipper of Warmaster Okawaru
  1444 | D:2      | Reached XP level 4. HP: 23/26 MP: 4/4
  2224 | D:3      | Reached XP level 5. HP: 30/30 MP: 5/5
  2642 | D:4      | Reached * piety under Okawaru
  2642 | D:4      | Reached XP level 6. HP: 27/35 MP: 6/6
  3037 | D:4      | Found a bloodstained altar of Trog.
  3096 | D:4      | Noticed Ijyb
  3111 | D:4      | Killed Ijyb
  3247 | D:4      | Found a sparkling altar of Nemelex Xobeh.
  3286 | D:5      | Entered Level 5 of the Dungeon
  3393 | D:5      | Noticed a sky beast
  3417 | D:5      | Killed a sky beast
  3427 | D:5      | Reached XP level 7. HP: 33/40 MP: 7/7
  3550 | D:5      | Found a staircase to the Ecumenical Temple.
  3560 | Temple   | Entered the Ecumenical Temple
  3716 | D:5      | Noticed Eustachio
  3735 | D:5      | Killed Eustachio
  3735 | D:5      | Reached ** piety under Okawaru
  3735 | D:5      | Reached skill level 5 in Long Blades
  3943 | D:5      | Reached skill level 5 in Armour
  3981 | D:5      | Found a blossoming altar of Fedhas.
  4000 | D:5      | Found an ornate altar of the Wu Jian Council.
  4212 | D:6      | Found a shadowy altar of Dithmenos.
  4236 | D:6      | Reached XP level 8. HP: 44/44 MP: 8/8
  4274 | D:5      | Reached skill level 5 in Dodging
  4737 | D:6      | Noticed Menkaure
  4743 | D:6      | Killed Menkaure
  4800 | D:6      | Reached *** piety under Okawaru
  5006 | D:6      | Got a faintly humming leather armour
  5017 | D:6      | Identified the +4 leather armour "Cefos" {rCorr Int+3} (You
                  | found it on level 6 of the Dungeon)
  5057 | D:6      | Found an ancient bone altar of Kikubaaqudgha.
  5360 | D:6      | Reached XP level 9. HP: 50/51 MP: 9/9
  5662 | D:6      | Got a fine leather armour
  5673 | D:6      | Identified the cursed +0 leather armour of Restlessness
                  | {rN+} (You found it on level 6 of the Dungeon)
  5768 | D:6      | Reached skill level 1 in Invocations
  6045 | D:7      | Noticed Prince Ribbit
  6064 | D:7      | Killed Prince Ribbit
  6064 | D:7      | Reached skill level 5 in Fighting
  6365 | D:7      | Reached **** piety under Okawaru
  6370 | D:7      | Noticed Duvessa
  6381 | D:7      | Killed Duvessa
  6387 | D:7      | Noticed Dowan
  6416 | D:7      | Killed Dowan
  6571 | D:7      | Reached XP level 10. HP: 60/60 MP: 12/12
  6988 | D:8      | Found Orutas's Antique Armour Boutique.
  7006 | D:8      | Bought a fine scale mail for 261 gold pieces
  7026 | D:8      | Identified the +3 scale mail of Loss {rPois Dex-3 SInv}
                  | (You bought it in a shop on level 8 of the Dungeon)
  7406 | D:8      | Noticed a two-headed ogre
  7428 | D:8      | Killed a two-headed ogre
  7647 | D:8      | Noticed a two-headed ogre
  7664 | D:8      | Killed a two-headed ogre
  7664 | D:8      | Reached ***** piety under Okawaru
  8584 | D:9      | Noticed Pikel
  8688 | D:9      | Found Panut's Gadget Boutique.
  9273 | D:9      | Reached XP level 11. HP: 62/69 MP: 14/14
  9293 | D:9      | Found a runed translucent door.
  9323 | D:9      | Noticed zkyp's ghost (novice DsCK)
  9633 | D:10     | Entered Level 10 of the Dungeon
  9811 | D:10     | Reached skill level 5 in Invocations
  9937 | D:10     | Received a gift from Okawaru
 10556 | D:11     | Noticed Fannar
 10637 | D:11     | Found a flagged portal.
 10710 | Bailey   | Entered a bailey
 10821 | Bailey   | Noticed a deep elf mage
 10835 | Bailey   | Killed a deep elf mage
 10895 | Bailey   | Noticed a deep elf mage
 10896 | Bailey   | Noticed a deep elf mage
 10896 | Bailey   | Noticed a deep elf mage
 10896 | Bailey   | Noticed a deep elf mage
 10896 | Bailey   | Noticed a deep elf mage
 10908 | Bailey   | Noticed a deep elf mage
 10910 | Bailey   | Killed a deep elf mage
 10911 | Bailey   | Killed a deep elf mage
 10912 | Bailey   | Killed a deep elf mage
 10912 | Bailey   | Reached skill level 10 in Fighting
 10918 | Bailey   | Killed a deep elf mage
 10922 | Bailey   | Killed a deep elf mage
 10957 | Bailey   | Killed a deep elf mage
 11282 | Bailey   | Noticed a deep elf archer
 11320 | Bailey   | Killed a deep elf archer
 11320 | Bailey   | Received a gift from Okawaru
 11368 | Bailey   | Identified Sif Muna's Papyrus of Congealing Sinister
                  | Rituals
 11420 | D:11     | Noticed Josephine
 11435 | D:11     | Killed Josephine
 11435 | D:11     | Reached XP level 12. HP: 39/78 MP: 14/17
 11971 | D:11     | Killed Fannar
 12293 | D:11     | Reached skill level 10 in Armour
 12397 | D:11     | Found a staircase to the Lair.
 12538 | D:11     | Got a wavering lead ring
 12540 | D:11     | Identified the ring of Fam Ylina {Int+3 Dex+4} (You found
                  | it on level 11 of the Dungeon)
 12981 | D:12     | Found a staircase to the Orcish Mines.
 13547 | D:13     | Reached ****** piety under Okawaru
 13857 | D:13     | Found a gate to the Vaults.
 13857 | D:13     | Noticed a vault guard
 13857 | D:13     | Noticed a vault guard
 13857 | D:13     | Noticed a vault guard
 13857 | D:13     | Noticed a vault guard
 13877 | D:13     | Received a gift from Okawaru
 13890 | D:13     | Killed a vault guard
 13919 | D:13     | Killed a vault guard
 13929 | D:13     | Killed a vault guard
 13929 | D:13     | Reached XP level 13. HP: 74/84 MP: 16/18
 13944 | D:13     | Killed a vault guard
 13944 | D:13     | Received a gift from Okawaru
 13947 | D:13     | Reached skill level 10 in Long Blades
 14187 | D:13     | Received a gift from Okawaru
 15375 | D:14     | Noticed Rupert
 15428 | D:13     | Killed Rupert
 15686 | D:14     | Received a gift from Okawaru
 16066 | D:14     | You fall into a shaft and drop 1 floor!
 16066 | D:15     | Entered Level 15 of the Dungeon
 16100 | D:15     | Reached skill level 10 in Dodging
 16554 | D:15     | Received a gift from Okawaru
 16564 | D:15     | Gained mutation: Your large and strong wings let you fly
                  | indefinitely. [Gargoyle growth]
 16564 | D:15     | Reached XP level 14. HP: 49/92 MP: 20/20
 16941 | D:15     | Found a shattered altar of Ashenzari.
 17618 | D:15     | Got a dazzling mace
 17619 | D:15     | Identified the +5 mace of Blind Justice {protect, Int+4}
                  | (You found it on level 15 of the Dungeon)
 18132 | D:15     | Gained mutation: Your spells are a little easier to cast,
                  | but a little less powerful. [a shining eye]
 18134 | D:15     | Gained mutation: You are clumsy. (Dex -2) [a shining eye]
 18141 | D:15     | Gained mutation: You tend to lose your temper in combat. [a
                  | shining eye]
 18144 | D:15     | Gained mutation: Your body sometimes deteriorates upon
                  | taking damage. [a shining eye]
 18146 | D:15     | Received a gift from Okawaru
 18162 | D:15     | HP: 1/92 [rakshasa/lance of force (6)]
 18172 | D:15     | HP: 1/92 [rakshasa/+0 trident (2)]
 18593 | D:15     | Found a staircase to the Depths.
 18978 | D:14     | Reached skill level 10 in Invocations
 19684 | Lair:1   | Entered Level 1 of the Lair of Beasts
 19690 | Lair:1   | Noticed Grum
 19712 | Lair:1   | Killed Grum
 20149 | Lair:1   | Found a frozen archway.
 20179 | Lair:1   | Reached XP level 15. HP: 83/97 MP: 22/22
 20191 | IceCv    | Entered an ice cave
 20545 | IceCv    | Noticed a frost giant
 20570 | IceCv    | Killed a frost giant
 20694 | IceCv    | Received a gift from Okawaru
 20723 | IceCv    | Got a scorched chain mail {god gift}
 20734 | IceCv    | Identified the +0 chain mail "Naoqut" {-Cast Str+7 Int-5
                  | Dex+3} (Okawaru gifted it to you in an ice cave)
 21472 | Lair:2   | Reached skill level 1 in Shields
 21669 | Lair:2   | Reached skill level 1 in Evocations
 21967 | Lair:2   | Found a staircase to the Shoals.
 23479 | Lair:4   | Found a hole to the Spider Nest.
 23600 | Lair:4   | Received a gift from Okawaru
 24390 | Lair:5   | Found a staircase to the Slime Pits.
 25155 | Lair:5   | Reached XP level 16. HP: 59/104 MP: 23/23
 26072 | Lair:6   | Entered Level 6 of the Lair of Beasts
 26317 | Lair:6   | Received a gift from Okawaru
 26318 | Lair:6   | Found the +10 zealot's sword {holy, *Rage rN+ EV+3}
 26887 | Lair:6   | Paralysed by a floating eye for 3 turns
 26892 | Lair:6   | Paralysed by a floating eye for 2 turns
 26918 | Lair:6   | Paralysed by a floating eye for 2 turns
 26924 | Lair:6   | Paralysed by a floating eye for 4 turns
 27112 | Lair:6   | Received a gift from Okawaru
 27904 | D:9      | Killed zkyp's ghost
 27904 | D:9      | Reached skill level 5 in Shields
 28146 | D:9      | Killed Pikel
 28251 | Orc:1    | Entered Level 1 of the Orcish Mines
 28495 | Lair:1   | Lost mutation: Your body sometimes deteriorates upon taking
                  | damage. [potion of mutation]
 28495 | Lair:1   | Lost mutation: You are clumsy. (Dex -2) [potion of
                  | mutation]
 28495 | Lair:1   | Lost mutation: Your spells are a little easier to cast, but
                  | a little less powerful. [potion of mutation]
 28495 | Lair:1   | Gained mutation: You do not regenerate when monsters are
                  | visible. [potion of mutation]
 28495 | Lair:1   | Gained mutation: You have sharp toenails. [potion of
                  | mutation]
 28496 | Lair:1   | Lost mutation: You tend to lose your temper in combat.
                  | [potion of mutation]
 28496 | Lair:1   | Lost mutation: You do not regenerate when monsters are
                  | visible. [potion of mutation]
 28496 | Lair:1   | Gained mutation: You are robust. (+10% HP) [potion of
                  | mutation]
 28496 | Lair:1   | Gained mutation: You have very sharp teeth. [potion of
                  | mutation]
 28496 | Lair:1   | Gained mutation: You evolve. [potion of mutation]
 28583 | Orc:2    | Entered Level 2 of the Orcish Mines
 28583 | Orc:2    | Found Matz's Jewellery Boutique.
 28871 | Orc:2    | Noticed Erolcha
 29143 | Orc:2    | Killed Erolcha
 29210 | Orc:2    | Found Egif's General Store.
 29239 | Orc:2    | Noticed Sonja
 29254 | Orc:2    | Killed Sonja
 29347 | Orc:2    | Found a staircase to the Elven Halls.
 29522 | Orc:2    | Found Toromuis's Antique Armour Boutique.
 29553 | Orc:2    | Found a roughly hewn altar of Beogh.
 29612 | Orc:2    | Gained mutation: You have a pair of small horns on your
                  | head. [evolution]
 29619 | Orc:2    | Noticed Jorgrun
 29626 | Orc:1    | Noticed Erica
 29643 | Orc:1    | Paralysed by an orc sorcerer for 3 turns
 29650 | Orc:1    | Paralysed by an orc sorcerer for 7 turns
 30230 | Orc:2    | Killed Jorgrun
 30230 | Orc:2    | Received a gift from Okawaru
 30260 | Orc:2    | Got a slimy double sword {god gift}
 30261 | Orc:2    | Identified the +0 double sword of the Trees {slice, rPois
                  | Stlth+} (Okawaru gifted it to you on level 2 of the Orcish
                  | Mines)
 30908 | Orc:1    | Killed Erica
 30927 | Orc:1    | Reached XP level 17. HP: 59/122 MP: 24/24
 31261 | Orc:2    | Found Raraby's Antique Weapon Shop.
 31448 | Orc:2    | Bought an uncursed amulet of rage for 680 gold pieces
 31448 | Orc:2    | Bought a potion of haste for 170 gold pieces
 31448 | Orc:2    | Bought a potion of haste for 170 gold pieces
 31815 | Shoals:1 | Entered Level 1 of the Shoals
 32456 | Shoals:1 | Got an ancient dagger
 32986 | Shoals:1 | Identified the +12 dagger of the Crushed Souls {pierce, MR+
                  | Str+7 SInv} (You found it on level 1 of the Shoals)
 33437 | Shoals:2 | Found Ysmaej's Magic Scroll Emporium.
 33458 | Shoals:2 | Bought a scroll of acquirement for 728 gold pieces
 33458 | Shoals:2 | Bought a scroll of identify for 28 gold pieces
 33492 | Shoals:2 | Reached skill level 5 in Evocations
 33700 | Shoals:2 | Shot with a sling bullet by a satyr

Levels and vault maps discovered:
D:1:      sevenhm_arrival_forest_fort_large_4, layout_basic, minivault_27,
          okawaru_ov_weapons_minmay
D:2:      layout_rooms, minmay_pentomino_v2
D:3:      layout_basic
D:4:      layout_rooms, lemuel_coloured_pillars_altar, marbit_many_paths,
          uniq_ijyb
D:5:      layout_basic, lemuel_crystal_altar,
          minmay_temple_entry_statues_fountains, first_ration,
          fedhas_ov_isle_minmay, uniq_eustachio
D:6:      layout_loops_cross, kennysheep_little_box,
          grunt_dithmenos_smoke_and_mirrors, uniq_menkaure
D:7:      minmay_inner_zag, layout_basic, uniq_duvessa, uniq_prince_ribbit1
D:8:      layout_basic, serial_shops, shop
D:9:      layout_basic, ebering_ghost_reflecting_pool, serial_shops, shop,
          billiards_dpeg, uniq_pikel
D:10:     layout_rooms, hangedman_little_slice_of_home
D:11:     minmay_tri_box, layout_irregular_city, lair_entry_dummy,
          enter_bailey_3, uniq_josephine, uniq_fannar
D:12:     layout_basic, orc_0_dummy
D:13:     layout_roguey, lightli_vaults_fourway_checkpoint
D:14:     layout_big_octagon, uniq_rupert
D:15:     gammafunk_enter_depths_forms, layout_basic, lemuel_tele_altar,
          small_statue_alley_a, minivault_23
Temple:   regret_index_temple_mists
Lair:1:   layout_gridlike, portal_ice_cave_entry_ice_beasts,
          infiniplex_staircase_pool, uniq_grum
Lair:2:   layout_roguey [special_room_bee], elwin_shoals_entry_rocks
Lair:3:   kb_forest_paths, layout_chaotic_city, chequers_serial_rivers_marsh,
          chequers_serial_rivers_room_b
Lair:4:   layout_loops_ring, nicolae_spider_entry_tight_spaces, special_room
          [special_room_mythical_zoo]
Lair:5:   layout_regular_city, minmay_slime_entry_oklob_open, st_stairs_6,
          lookout_lair_type, serial_bayou_pond_c, grunt_megastairs_2,
          minmay_lair_oklob_chamber
Lair:6:   evilmike_catoblepas_cave, layout_cave_pods, disabler_island
Shoals:1: layout_shoals
Shoals:2: layout_shoals, serial_shops, shop, uniq_polyphemus
Orc:1:    layout_diamond_mine, uniq_erica
Orc:2:    grunt_orc_gardens, layout_caves, grunt_orc_garden, grunt_orc_garden,
          grunt_orc_garden, grunt_orc_garden, lemuel_statue_altar, uniq_jorgrun,
          uniq_sonja, uniq_erolcha

Skill      XL: |  1  2  3  4  5  6  7  8  9 10 11 12 13 14 15 16 17 |
---------------+----------------------------------------------------+-----
Armour         | 1 2 3 4 5 6 7 8 9 10 11 12 13 | 13.6
Long Blades    | 3 4 5 6 7 8 9 11 12 13 14 | 14.1
Dodging        | 3 4 5 6 7 8 9 10 11 12 13 | 13.1
Fighting       | 3 6 8 10 11 12 13 14 | 14.4
Invocations    | 3 4 6 7 9 10 | 10.5
Shields        | 3 5 |  5.4
Evocations     | 2 4 5 |  5.1
Throwing       | |  1.7

Action                   |  1- 3 |  4- 6 |  7- 9 | 10-12 | 13-15 | 16-18 || total
-------------------------+-------+-------+-------+-------+-------+-------++-------
Melee: Long sword        |    91 |   292 |   544 |   859 |       |       ||  1786
       Punch             |       |       |     2 |    10 |    12 |       ||    24
       Scimitar          |       |       |       |   282 |  1665 |   176 ||  2123
       Eudemon blade     |       |       |       |       |       |   407 ||   407
       Bite              |       |       |       |       |       |   113 ||   113
       Great sword       |       |       |       |       |       |   201 ||   201
       Headbutt          |       |       |       |       |       |   134 ||   134
       Double sword      |       |       |       |       |       |     1 ||     1
Throw: Throwing net      |       |       |     2 |     5 |     4 |       ||    11
Invok: Heroism           |       |       |    10 |    20 |    16 |     2 ||    48
 Abil: Fly               |       |       |       |       |     1 |       ||     1
Evoke: Wand              |       |       |       |     5 |    16 |     1 ||    22
  Use: Potion            |     2 |       |     1 |     6 |     3 |     3 ||    15
       Scroll            |       |     4 |     6 |    10 |    13 |    10 ||    43
 Stab: Sleeping          |       |       |     1 |       |       |       ||     1
       Held in net/web   |       |       |     2 |     3 |     5 |       ||    10
  Eat: Chunk             |     1 |     8 |    11 |    20 |    30 |    15 ||    85
       Ration            |       |       |       |     2 |     3 |     4 ||     9
Armor: Leather armour    |    28 |     4 |   120 |   254 |    10 |    19 ||   435
       Skin              |    18 |       |       |     3 |       |       ||    21
       Storm dragon scal |       |   172 |   164 |       |       |       ||   336
       Chain mail        |       |       |       |   365 |   737 |   219 ||  1321
       Ring mail         |       |       |       |       |    44 |       ||    44
Dodge: Dodged            |    57 |   115 |   399 |   847 |  1237 |   526 ||  3181
Block: Other             |     6 |    35 |    68 |    41 |       |       ||   150
       Reflection        |     1 |       |     1 |       |       |       ||     2
       Shield            |       |       |       |       |   298 |   249 ||   547
       Rpst.: Long sword |    24 |    44 |   128 |   164 |       |       ||   360
       Scimitar          |       |       |       |    35 |   312 |    34 ||   381
       Eudemon blade     |       |       |       |       |       |    63 ||    63
       Great sword       |       |       |       |       |       |    42 ||    42

Table legend:
 A = Non-vault XP
 B = Vault XP
 C = Vault XP percentage of total XP
 D = Non-vault monster count
 E = Vault monster count
 F = Vault count percentage of total count
                 A         B        C        D         E       F
            +---------+---------+-------+---------+---------+-------
      Total |  114023 |   86429 |  43.1 |     662 |     253 |  27.7
            +---------+---------+-------+---------+---------+-------
        D:1 |      62 |       0 |   0.0 |      27 |       0 |   0.0
        D:2 |      54 |      15 |  21.7 |      16 |       2 |  11.1
        D:3 |     136 |       0 |   0.0 |      31 |       0 |   0.0
        D:4 |     193 |      38 |  16.5 |      11 |       2 |  15.4
        D:5 |     548 |     208 |  27.5 |      20 |       1 |   4.8
        D:6 |    1857 |     165 |   8.2 |      36 |       1 |   2.7
        D:7 |     506 |     909 |  64.2 |      11 |      10 |  47.6
        D:8 |    2882 |       0 |   0.0 |      25 |       0 |   0.0
        D:9 |    1567 |    1659 |  51.4 |      18 |       5 |  21.7
       D:10 |    2659 |     165 |   5.8 |      38 |       8 |  17.4
       D:11 |    3212 |    5867 |  64.6 |      31 |      19 |  38.0
       D:12 |    1871 |       0 |   0.0 |      26 |       0 |   0.0
       D:13 |    9703 |    8262 |  46.0 |      30 |      13 |  30.2
       D:14 |    8970 |       0 |   0.0 |      28 |       0 |   0.0
       D:15 |   22223 |    4580 |  17.1 |      58 |      10 |  14.7
     Lair:1 |    4086 |    1691 |  29.3 |      17 |      13 |  43.3
     Lair:2 |    3995 |    1890 |  32.1 |      19 |      26 |  57.8
     Lair:3 |    4380 |    4196 |  48.9 |      19 |      19 |  50.0
     Lair:4 |    5486 |    7385 |  57.4 |      27 |      26 |  49.1
     Lair:5 |    2897 |    4645 |  61.6 |      19 |      10 |  34.5
     Lair:6 |   10500 |   15819 |  60.1 |      46 |      28 |  37.8
   Shoals:1 |   11254 |       0 |   0.0 |      23 |       0 |   0.0
   Shoals:2 |    7284 |       0 |   0.0 |      13 |       0 |   0.0
      Orc:1 |    2808 |     970 |  25.7 |      17 |       1 |   5.6
      Orc:2 |    4890 |   13961 |  74.1 |      56 |      15 |  21.1
     Bailey |       0 |    4135 | 100.0 |       0 |       8 | 100.0
      IceCv |       0 |    9869 | 100.0 |       0 |      36 | 100.0
            +---------+---------+-------+---------+---------+-------
